 Dungeon Crawl Stone Soup version 0.31-a0-654-gbe3e110b4e (webtiles) character file.

Game seed: 3004687307649886222

1425 zenocrate the Ruffian (level 8, -3/48 HPs)
             Began as an Octopode Shapeshifter on Aug 29, 2023.
             Was an Initiate of Gozag.
             Slain by an orc warrior
             ... wielding a +0 broad axe
              (18 damage)
             ... in a bailey.
             The game lasted 00:10:25 (4872 turns).

zenocrate the Ruffian (Octopode Shapeshifter)       Turns: 4872, Time: 00:10:26

Health: -3/48      AC:  1    Str: 14    XL:     8   Next: 72%
Magic:  9/9        EV: 13    Int: 12    God:    Gozag
Gold:   385        SH:  0    Dex: 13    Spells: 8/8 levels left

rFire   + .          .
                       - Unarmed
rCold   . . .        (no shield)
rNeg    . . .        (helmet currently unavailable)
rPois   +            (no amulet)
rElec   .            (no ring)
rCorr   .            (no ring)
SInv    .            (no ring)
Will    .....        (no ring)
Stlth   ++           (no ring)
HPRegen 0.28/turn    (no ring)
MPRegen 0.11/turn    (no ring)
                     (no ring)

%: no passive effects
@: beast-form, gold aura
A: beast (slay +3), almost no armour, amphibious, 8 rings, camouflage 1,
gelatinous body 1, (nimble swimmer 1), tentacles, fire resistance 1, poison
resistance
a: Begin Untransformation, Renounce Religion, Potion Petition, Call Merchant,
Bribe Branch


You were in a bailey.
You worshipped Gozag.
Gozag was aware of your devotion.
You were a hulking beast.
You visited 2 branches of the dungeon, and saw 7 of its levels.
You also visited: Bailey.

You collected 513 gold pieces.
You paid 128 gold pieces to Gozag.

Inventory:

Hand Weapons
 s - the +11 dagger of the Head {freeze, Fragile rF- rCorr Dex+4}
   (You found it on level 4 of the Dungeon)

   Dex+4:     It affects your dexterity (+4).
   rF-:       It makes you vulnerable to fire.
   rCorr:     It protects you from acid and corrosion.
   Fragile:   It will be destroyed if unequipped.
Missiles
 e - 4 boomerangs
 j - a curare-tipped dart (quivered)
 t - 3 poisoned darts
Talismans
 b - a beast talisman (active)
 c - a flux talisman
Wands
 i - a wand of polymorph (8)
 o - a wand of quicksilver (11)
 p - a wand of iceblast (8)
Scrolls
 f - 2 scrolls of teleportation
Potions
 a - a potion of mutation
 d - a potion of enlightenment
 m - 3 potions of brilliance
 n - a potion of heal wounds {unknown}
 r - a potion of degeneration {unknown}


   Skills:
 - Level 1.0 Fighting
 - Level 3.0 Dodging
 + Level 6.8 Unarmed Combat
 - Level 0.8 Spellcasting
 + Level 5.5 Evocations
 + Level 6.3 Shapeshifting


You had 8 spell levels left.
You didn't know any spells.
Your spell library contained the following spells:

 Spells                   Type           Power      Damage    Failure   Level
 Sandblast                Erth           0%         2d4       30%         1
 Passwall                 Tmut/Erth      0%         N/A       43%         2
 Stone Arrow              Conj/Erth      0%         3d7       67%         3


Dungeon Overview and Level Annotations

Branches:
Dungeon (7/15)             Temple (1/1) D:7          Bailey (1/1)

Altars:
Ashenzari
Cheibriados
Dithmenos
Elyvilon
Fedhas
Gozag
Hepliaklqana
Makhleb
Nemelex Xobeh
Okawaru
Ru
Sif Muna
Uskayaw
Vehumet
Wu Jian
Xom
Yredelemnul
Zin
The Shining One

Shops:
D:2 :


Innate Abilities, Weirdness & Mutations

You are a hulking beast.
Your limbs bulge with bestial killing power. (Slay +3)
You cannot wear most types of armour.
You are amphibious.
You can wear up to eight rings at the same time.
Your skin changes colour to match your surroundings (Stealth+).
Your rubbery body absorbs attacks. (AC +1, EV +1)
((You are camouflaged when in or above water. (Stealth+)))
You have tentacles for arms and can constrict up to eight enemies at once.
Your flesh is heat resistant. (rF+)
Your system is resistant to poisons. (rPois)


Message History

You constrict the orc warrior.
The orc warrior hits you with a +0 war axe.
You tentacle-slap the orc warrior but do no damage.
You tentacle-slap the orc warrior. You squeeze the orc warrior!
The orc warrior is almost dead.
You constrict the orc warrior, but do no damage.
The orc warrior hits you with a +0 war axe!
You tentacle-slap the orc warrior.
You kill the orc warrior!
An orc warrior is nearby!
You tentacle-slap the orc warrior but do no damage.
Your grab misses the orc warrior.
The orc warrior hits you with a +0 broad axe.
You bludgeon the orc warrior! You grab the orc warrior.
Your squeeze misses the orc warrior.
The orc warrior is moderately wounded.
You constrict the orc warrior.
You tentacle-slap the orc warrior but do no damage.
You squeeze the orc warrior.
The orc warrior is heavily wounded.
You constrict the orc warrior.
The orc warrior hits you with a +0 broad axe!
You are too injured to fight recklessly!
You tentacle-slap the orc warrior.
The orc warrior is severely wounded.
You constrict the orc warrior, but do no damage.
The orc warrior closely misses you.
Unknown command.
You tentacle-slap the orc warrior but do no damage.
You squeeze the orc warrior, but do no damage.
The orc warrior is severely wounded.
You constrict the orc warrior. The orc warrior misses you.
Unknown command.
You tentacle-slap the orc warrior but do no damage.
You squeeze the orc warrior, but do no damage.
The orc warrior is severely wounded.
You constrict the orc warrior, but do no damage.
The orc warrior hits you with a +0 broad axe!!
You die...
Your body crumbles into a pile of gold.

##)#### ####o# ##).)..##
##..... #.......# #......
##.......## o.##......
#.........# ...#.......
##.........## ..###...o.o.
#.....⌠.....###'###.o...⌠..
##.........##88.88##.......
#........h#.......#.......
##......o##.......##$.....
#.......$.....o..o$g.....
##.....##........o##.....
#######.....⌠.... ######
##........ #........
##....... !?...?!


You could see an orc warrior.

Vanquished Creatures
  8 orc warriors (Bailey)
  A scorpion (D:4)
  A howler monkey (D:5)
  An orc priest (D:7)
  2 hounds
  Crazy Yiuf (D:2)
  3 iguanas
  A sleepcap (D:7)
  2 orc wizards
  Robin (D:2)
  7 adders
  5 gnolls
  A white imp (D:7)
  A worm (D:2)
  3 dart slugs
  23 orcs
  8 ball pythons
  7 bats
  7 endoplasms
  5 giant cockroaches
  29 goblins
  16 hobgoblins
  3 jackals (D:1)
  5 quokkas
  2 frilled lizards
  9 kobolds
  7 rats
159 creatures vanquished.

Notes
Turn   | Place    | Note
-------+----------+-------------------------------------------
     0 | D:1      | zenocrate the Octopode Shapeshifter began the quest for the
                  | Orb.
     0 | D:1      | Reached XP level 1. HP: 13/13 MP: 1/1
   164 | D:1      | Reached XP level 2. HP: 18/18 MP: 2/2
   375 | D:1      | Reached XP level 3. HP: 23/23 MP: 3/3
   775 | D:2      | Found Nurghop's Book Boutique.
   985 | D:2      | Identified the +2 cloak of Ubbezxur {rF++ Will+ Dex+3}
  1054 | D:2      | Reached XP level 4. HP: 25/28 MP: 5/5
  1114 | D:2      | Noticed Robin
  1134 | D:2      | Killed Robin
  1222 | D:2      | Found a runed translucent door.
  1223 | D:2      | Noticed Crazy Yiuf
  1350 | D:2      | Found a faded altar of an unknown god.
  1587 | D:2      | Killed Crazy Yiuf
  1588 | D:2      | Reached XP level 5. HP: 15/33 MP: 3/6
  1771 | D:3      | Identified the +1 flail "Garonaet" {flame, Will+ SInv
                  | Stlth+}
  2335 | D:3      | Gained mutation: Your flesh is heat resistant. (rF+)
                  | [potion of mutation]
  2335 | D:3      | Gained mutation: Your system is resistant to poisons.
                  | (rPois) [potion of mutation]
  2575 | D:4      | Identified the +11 dagger of the Head {freeze, Fragile rF-
                  | rCorr Dex+4}
  2580 | D:4      | Reached skill level 1 in Evocations
  2580 | D:4      | Reached XP level 6. HP: 37/38 MP: 7/7
  3271 | D:4      | Found a hazy altar of Hepliaklqana.
  3528 | D:5      | Entered Level 5 of the Dungeon
  3559 | D:5      | Reached skill level 5 in Unarmed Combat
  3559 | D:5      | Reached XP level 7. HP: 31/43 MP: 8/8
  3596 | D:5      | Reached skill level 5 in Shapeshifting
  3726 | D:5      | Found a shimmering altar of Xom.
  3730 | D:5      | You fall into a shaft and drop 2 floors!
  3952 | D:7      | Found a staircase to the Ecumenical Temple.
  4006 | Temple   | Entered the Ecumenical Temple
  4011 | Temple   | Became a worshipper of Gozag Ym Sagoz the Greedy
  4104 | D:7      | Found a flagged portal.
  4120 | Bailey   | Entered a bailey
  4199 | Bailey   | Reached XP level 8. HP: 16/48 MP: 9/9
  4663 | Bailey   | Reached skill level 5 in Evocations
  4872 | Bailey   | Slain by an orc warrior

Illustrated notes

Levels and vault maps discovered:
D:1:      minmay_arrival_solitary_statue, layout_basic, dreamdust_wishing_well,
          serial_bayou_lake_a
D:2:      layout_basic, serial_shops, shop, chequers_ecumenical_altar_simple,
          kennysheep_generic_room_14, uniq_crazy_yiuf_cottage, uniq_robin
D:3:      layout_basic
D:4:      layout_loops_ring, nzn_hepliaklqana_mist_gate, minmay_bent
D:5:      layout_basic, mainiacjoe_overflow_concentric_impassable
D:7:      layout_basic, lemuel_temple_firewalk_b, enter_bailey_5,
          minmay_splitting_lines
Temple:   nicolae_temple_bog_church
Bailey:   bailey_axe_minmay_hex_keep, bailey

Skill      XL: |  1  2  3  4  5  6  7  8 |
---------------+-------------------------+-----
Dodging        | 3 |  3.0
Unarmed Combat | 4 5 6 |  6.8
Shapeshifting  | 4 5 6 |  6.3
Evocations     | 1 2 4 5 |  5.5
Fighting       | |  1.0
Spellcasting   | |  0.8

Action                     |  1- 3 |  4- 6 |  7- 9 || total
---------------------------+-------+-------+-------++-------
  Melee: Unarmed           |    65 |   130 |   129 ||   324
         Constrict         |    16 |    26 |    34 ||    76
         Punch             |     2 |     6 |     6 ||    14
         Tentacles         |    10 |    21 |    39 ||    70
  Throw: Dart              |       |     1 |    11 ||    12
    Use: Scroll            |     1 |     6 |     5 ||    12
         Potion            |       |     4 |       ||     4
   Stab: Sleeping          |    12 |    13 |     1 ||    26
 Armour: Skin              |     4 |    27 |     4 ||    35
  Dodge: Dodged            |    29 |    57 |    41 ||   127

Table legend: (Time is in decaauts)
 A = Elapsed time spent in this place.
 B = Non-inter-level travel time spent in this place.
 C = Inter-level travel time spent in this place.
 D = Time resting spent in this place.
 E = Time spent auto-exploring this place.
 F = Levels seen in this place.
 G = Mean time per level.
                   A        B        C        D        E       F      G
               +--------+--------+--------+--------+--------+-----+--------+
         Total |   4829 |   4596 |    233 |     45 |   3646 |   8 |  603.6 |
       Dungeon |   4077 |   3852 |    225 |     27 |   3098 |   6 |  679.5 |
        Temple |     10 |      2 |      8 |      0 |      0 |   1 |   10.0 |
        Bailey |    741 |    741 |      0 |     18 |    548 |   1 |  741.0 |
               +--------+--------+--------+--------+--------+-----+--------+

Top non-repeatable levels by time:
     D:4: 1106 daAuts
     D:2: 1023 daAuts
  Bailey: 741 daAuts
     D:3: 706 daAuts
     D:1: 664 daAuts
     D:7: 377 daAuts
     D:5: 199 daAuts
  Temple: 10 daAuts
